 Dungeon Crawl Stone Soup version 0.29-a0-284-gf9362112df (webtiles) character file.

Game seed: 5890776846299614888

9583 sammy202020 the Fighter (level 11, -3/95 HPs)
             Began as a Palentonga Fighter on Mar 20, 2022.
             Was a Believer of Trog.
             Killed from afar by an ice dragon (20 damage)
             ... with a blast of cold
             ... on level 11 of the Dungeon.
             The game lasted 00:24:41 (13605 turns).

sammy202020 the Fighter (Palentonga Fighter)       Turns: 13605, Time: 00:24:42

Health: -3/95      AC: 34    Str: 22    XL:     11   Next: 24%
Magic:  2/2        EV:  6    Int: 13    God:    Trog [**....]
Gold:   582        SH:  6    Dex: 12    Spells: 10/10 levels left

rFire   + . .      SeeInvis +   r - +0 flail (protect)
rCold   . . .      Faith    .   c - +0 buckler
rNeg    . . .      Spirit   .   f - +0 swamp dragon scales
rPois   +          Reflect  .   n - +2 hat
rElec   +          Harm     .   (no cloak)
rCorr   .          Rampage  .   (no gloves)
Will    ++...                   j - +3 barding of Netan {Int+2 Stlth+}
Stlth   ++........              (no amulet)
HPRegen 1.25/turn               o - ring of poison resistance
MPRegen 0.08/turn               y - ring of Ukhes {rElec MP-9 Dex+3 SInv}

@: strong-willed, under a protective aura, on berserk cooldown, regenerating,
slowed, curled up, very slow
A: large, rugged brown scales 3, see invisible, deformed body, roll 1, armoured
tail, reflexive curl, stinger 1, fire resistance 1, shaggy fur 1
a: Rolling Charge, Renounce Religion, Berserk, Trog's Hand


You were on level 11 of the Dungeon.
You worshipped Trog.
Trog was pleased with you.
You visited 2 branches of the dungeon, and saw 12 of its levels.

You collected 717 gold pieces.
You spent 135 gold pieces at shops.

Inventory:

Hand Weapons
 k - a +2 mace of protection
 r - a +0 flail of protection (weapon)
 v - a +0 morningstar
 z - a +2 vorpal shortbow
Missiles
 F - a throwing net
Armour
 c - a +0 buckler (worn)
 f - +0 swamp dragon scales (worn)
 j - the +3 barding of Netan (worn) {Int+2 Stlth+}
   (You acquired it on level 8 of the Dungeon)

   Int:       It affects your intelligence (+2).
   Stlth:     It makes you more stealthy.
 l - a +1 chain mail
 n - a +2 hat (worn)
Jewellery
 o - a ring of poison resistance (left hand)
 p - an amulet of magic regeneration
 s - a ring of positive energy
 y - the ring of Ukhes (right hand) {rElec MP-9 Dex+3 SInv}
   (You bought it in a shop on level 5 of the Dungeon)

   [ring of see invisible]

   Dex:       It affects your dexterity (+3).
   rElec:     It insulates you from electricity.
   MP:        It affects your magic capacity (-9).
   SInv:      It lets you see invisible.
Wands
 d - a wand of digging (2)
 A - a wand of iceblast (8)
Scrolls
 b - 3 scrolls of teleportation
 h - 2 scrolls of vulnerability
 m - 3 scrolls of fear
 q - a scroll of magic mapping
 t - a scroll of immolation
 w - 2 scrolls of identify
 B - 2 scrolls of blinking
 C - 2 scrolls of fog
Potions
 a - 3 potions of brilliance
 e - a potion of cancellation
 g - a potion of curing
 i - 2 potions of invisibility
 u - 2 potions of attraction
 x - 3 potions of flight
 D - a potion of heal wounds {unknown}


   Skills:
 + Level 9.5 Fighting
 + Level 9.1 Maces & Flails
 + Level 7.9 Armour
 + Level 7.8 Shields


You had 10 spell levels left.
You didn't know any spells.
Your spell library contained the following spells:

 Spells                   Type           Power      Damage    Failure   Level
 Animate Skeleton         Necr           0%         N/A       50%         1
 Foxfire                  Conj/Fire      0%         2x1d4     50%         1
 Pain                     Necr           0%         1d4       50%         1
 Conjure Flame            Conj/Fire      0%         6-21      86%         3
 Inner Flame              Hex/Fire       0%         N/A       86%         3
 Summon Guardian Golem    Hex/Summ       0%         N/A       86%         3
 Vampiric Draining        Necr           0%         2d6       86%         3
 Flame Wave               Conj/Fire      0%         2d4       99%         4
 Orb of Destruction       Conj           0%         9d5       100%        7
 Spellforged Servitor     Conj/Summ      0%         N/A       100%        7


Dungeon Overview and Level Annotations

Branches:
Dungeon (11/15)            Temple (1/1) D:6            Lair (0/6) D:11
    Orc: D:9-12

Altars:
Ashenzari
Cheibriados
Dithmenos
Elyvilon
Fedhas
Gozag
Hepliaklqana
Kikubaaqudgha
Makhleb
Nemelex Xobeh
Okawaru
Qazlal
Ru
Sif Muna
Trog
Uskayaw
Vehumet
Wu Jian
Xom
Yredelemnul
Zin
The Shining One

Shops:
D:1 !   D:5 *


Innate Abilities, Weirdness & Mutations

You are completely covered in rugged brown scales. (AC +3, +7% HP)
You have supernaturally acute eyesight. (SInv)
Armour fits poorly on your strangely shaped body.
You can roll at nearby foes to attack.
You have a long armoured tail.
You curl defensively after being hit. (AC +7*)
Your tail ends in a venomous barb.
Your flesh is heat resistant. (rF+)
You are covered in fur. (AC +1)


Message History

You sock the wolf!
Your weapon exudes an aura of protection.
The wolf is moderately wounded.
The wolf closely misses you. The wolf bites you but does no damage.
A yak comes into view.
You miss the wolf.
The wolf is moderately wounded.
The yak bellows!
The wolf bites you. The wolf barely misses you.
A polar bear comes into view.
You hit the ice dragon but do no damage.
The ice dragon bites you.
The ice dragon claws you but does no damage.
You block the ice dragon's attack.
You barely miss the ice dragon. The ice dragon bites you.
The ice dragon closely misses you. You block the ice dragon's attack.
The ice dragon breathes frost at you. The blast of cold hits you!!
* * * LOW HITPOINT WARNING * * *
Your skin crawls.
You feel strong-willed. You block the ice dragon's attack.
The ice dragon claws you but does no damage.
The ice dragon tramples you but does no damage.
Okay, then.
You hit the ice dragon.
The ice dragon is lightly wounded.
The ice dragon bites you but does no damage.
The ice dragon claws you but does no damage.
The ice dragon tramples you but does no damage.
You hit the ice dragon but do no damage.
Your tail-slap misses the ice dragon.
The ice dragon is lightly wounded.
The ice dragon bites you.
* * * LOW HITPOINT WARNING * * *
The ice dragon claws you but does no damage.
The ice dragon closely misses you. The ice dragon breathes frost at you.
The blast of cold hits you!!
You die...

#......... ..
###......... ..
#........... h.
###........# Y##
###.#......# hh
##.#.#......# h#
#....##.##..# ##D#
##...##.##..# #@##
#.#..##.##..#
##.####..........#
..#####.####..##......
........#.##..######.#
#...>.....##..######.#
###...#..............#
..........##..########
#####.######..# ...
...#


You could see an ice dragon (catching breath), a polar bear, a yak and 3 wolves.

Vanquished Creatures
  A hydra (D:11)
  A boulder beetle (D:11)
  A two-headed ogre (D:11)
  A cyclops (D:9)
  A manticore (D:11)
  Maggie (D:7)
  A komodo dragon (D:11)
  3 kobold demonologists (D:11)
  A hornet (D:8)
  Sigmund (D:3)
  5 yaks (D:10)
  A vampire (D:11)
  A wyvern (D:10)
  2 vampire mosquitoes (D:11)
  2 steam dragons
  2 acid dragons (D:8)
  A water moccasin (D:7)
  3 orc warriors
  An ice beast (D:5)
  A sky beast (D:6)
  A black bear (D:7)
  2 ogres (D:5)
  3 centaurs
  A phantom (D:5)
  2 bullfrogs
  5 kobold brigands
  A necrophage (D:5)
  A scorpion (D:6)
  2 gnoll sergeants
  5 wights (D:9)
  4 killer bees (D:7)
  3 gnoll shamans
  3 hounds
  4 jellies
  3 iguanas
  7 orc priests
  Terence (D:2)
  14 orc wizards
  Robin (D:5)
  22 gnolls
  3 adders
  A shadow imp (D:6)
  A white imp (D:8)
  4 ufetubi
  3 dart slugs
  29 orcs
  7 endoplasms
  2 giant cockroaches
  12 hobgoblins
  3 quokkas
  6 ball pythons
  5 bats
  3 frilled lizards
  15 goblins
  20 kobolds
  8 rats
238 creatures vanquished.

Vanquished Creatures (others)
  An orc priest (D:10)
  An orc wizard (D:10)
  3 plants (D:11)
5 creatures vanquished.

Grand Total: 243 creatures vanquished

Notes
Turn   | Place    | Note
-------+----------+-------------------------------------------
     0 | D:1      | sammy202020 the Palentonga Fighter began the quest for the
                  | Orb.
     0 | D:1      | Reached XP level 1. HP: 19/19 MP: 1/1
   221 | D:1      | Reached XP level 2. HP: 25/25 MP: 2/2
   473 | D:1      | Found Lures's Distillery.
   793 | D:1      | Reached XP level 3. HP: 27/31 MP: 3/3
   884 | D:1      | Found a faded altar of an unknown god.
  1300 | D:2      | Noticed Terence
  1313 | D:2      | Killed Terence
  1860 | D:2      | Reached XP level 4. HP: 38/38 MP: 4/4
  2305 | D:3      | Noticed Sigmund
  2313 | D:3      | Killed Sigmund
  2314 | D:3      | Reached XP level 5. HP: 32/44 MP: 5/5
  2458 | D:3      | Found a stormy altar of Qazlal.
  2486 | D:3      | Noticed Robin
  2644 | D:3      | Reached XP level 6. HP: 51/51 MP: 6/6
  3706 | D:5      | Entered Level 5 of the Dungeon
  4219 | D:5      | Gained mutation: You curl defensively after being hit. (AC
                  | +7*) [Palentonga growth]
  4219 | D:5      | Reached XP level 7. HP: 58/58 MP: 7/7
  4224 | D:5      | Killed Robin
  4367 | D:5      | Reached skill level 5 in Fighting
  4374 | D:5      | Found a burning altar of Makhleb.
  4385 | D:5      | Found a white marble altar of Elyvilon.
  4612 | D:5      | Found Tuvi's Assorted Antiques.
  4620 | D:5      | Bought a smoking tin ring for 135 gold pieces
  4620 | D:5      | Identified the ring of Ukhes {rElec MP-9 Dex+3 SInv} (You
                  | bought it in a shop on level 5 of the Dungeon)
  5198 | D:6      | Reached XP level 8. HP: 65/67 MP: 0/8
  5244 | D:6      | HP: 3/67 [gnoll/+0 spear (6)]
  5247 | D:6      | HP: 1/67 [gnoll/+0 spear (1)]
  5249 | D:6      | Reached skill level 5 in Maces & Flails
  5844 | D:6      | Gained mutation: You are covered in fur. (AC +1) [potion of
                  | mutation]
  5844 | D:6      | Gained mutation: Your flesh is heat resistant. (rF+)
                  | [potion of mutation]
  5844 | D:6      | Gained mutation: Your tail ends in a venomous barb. [potion
                  | of mutation]
  6119 | D:6      | Found a staircase to the Ecumenical Temple.
  6141 | Temple   | Entered the Ecumenical Temple
  6485 | Temple   | Became a worshipper of Trog the Wrathful
  7129 | D:6      | Reached skill level 5 in Armour
  7188 | D:6      | Reached skill level 5 in Shields
  7515 | D:7      | Noticed Maggie
  7531 | D:7      | Killed Maggie
  7896 | D:7      | Reached XP level 9. HP: 70/75 MP: 0/9
  8266 | D:7      | Reached * piety under Trog
  9478 | D:8      | Identified a scroll of acquirement
  9478 | D:8      | Acquired the +3 barding of Netan {Int+2 Stlth+}
  9654 | D:8      | Paralysed by a hornet for 1 turns
  9978 | D:8      | HP: 3/115 [acid dragon/splash of acid (18)]
 10824 | D:9      | Reached ** piety under Trog
 11016 | D:9      | Found an ancient bone altar of Kikubaaqudgha.
 11061 | D:9      | Reached XP level 10. HP: 75/85 MP: 1/10
 11532 | D:9      | Noticed a cyclops
 11548 | D:9      | Killed a cyclops
 11794 | D:10     | Entered Level 10 of the Dungeon
 12578 | D:11     | Noticed a manticore
 12590 | D:11     | Killed a manticore
 12867 | D:11     | Noticed a two-headed ogre
 12891 | D:11     | Killed a two-headed ogre
 12892 | D:11     | Reached XP level 11. HP: 71/95 MP: 2/11
 13129 | D:11     | Noticed a boulder beetle
 13152 | D:11     | Killed a boulder beetle
 13335 | D:11     | Found a staircase to the Lair.
 13573 | D:11     | Noticed a four-headed hydra
 13589 | D:11     | Killed a four-headed hydra
 13598 | D:11     | Noticed an ice dragon
 13605 | D:11     | Killed from afar by an ice dragon

Illustrated notes

Levels and vault maps discovered:
D:1:      dpeg_arrival_shelter, layout_basic, serial_shops, shop_coins,
          shapermc_ecumenical_altar_notcrosses, serial_forest,
          infiniplex_forest_end_1, infiniplex_forest_lined_2,
          infiniplex_forest_straight_1, infiniplex_forest_clump_diagonal,
          infiniplex_forest_corner_1, infiniplex_forest_lined_2,
          infiniplex_forest_lined_room_2, infiniplex_forest_straight_2,
          infiniplex_forest_lined_room_2, minmay_box_of_dots
D:2:      layout_basic, uniq_terence
D:3:      layout_basic, grunt_qazlal_sundering, uniq_sigmund, uniq_robin
D:4:      layout_rooms
D:5:      layout_loops_ring, amethyst_overflow_temple_binary,
          nicolae_stop_n_shop_1, chequers_serial_rivers_micro_c,
          nrook_pool_corridor, nicolae_elevator_lobby_plus
D:6:      layout_gridville, minmay_temple_entry_sparse_star
D:7:      layout_loops_corners, uniq_maggie
D:8:      layout_cave_pools, minmay_misc_feat_cross
D:9:      layout_irregular_city, amcnicky_altar_gilded
D:10:     layout_roguey
D:11:     lemuel_slime, layout_loops_ring, david_lair_shrubbed,
          portal_ice_cave_entry_animals_and_master, bh_walls_and_bars
Temple:   dpeg_five_rooms_temple

Skill      XL: |  1  2  3  4  5  6  7  8  9 10 11 |
---------------+----------------------------------+-----
Fighting       | 4 5 6 7 9 |  9.5
Maces & Flails | 3 4 6 7 8 9 |  9.1
Armour         | 3 4 5 6 7 |  7.9
Shields        | 3 4 5 6 7 |  7.8

Action                   |  1- 3 |  4- 6 |  7- 9 | 10-12 || total
-------------------------+-------+-------+-------+-------++-------
Melee: Flail             |    82 |       |       |    98 ||   180
       Tailslap          |     9 |    20 |    70 |    54 ||   153
       Mace              |    12 |   143 |   510 |   200 ||   865
Invok: Berserk           |       |       |     2 |     3 ||     5
       Trog's Hand       |       |       |     1 |     3 ||     4
 Abil: Rolling Charge    |     3 |       |       |     6 ||     9
  Use: Potion            |     1 |       |     4 |     1 ||     6
       Scroll            |       |       |    19 |     1 ||    20
 Stab: Sleeping          |       |       |     1 |     2 ||     3
Armor: Scale mail        |    50 |       |       |       ||    50
       Chain mail        |     4 |   104 |   276 |       ||   384
       Swamp dragon scal |       |       |   239 |   192 ||   431
Dodge: Dodged            |    31 |    25 |   215 |    82 ||   353
Block: Buckler           |    28 |    17 |   134 |    94 ||   273

Table legend: (Time is in decaauts)
 A = Elapsed time spent in this place.
 B = Non-inter-level travel time spent in this place.
 C = Inter-level travel time spent in this place.
 D = Time resting spent in this place.
 E = Time spent auto-exploring this place.
 F = Levels seen in this place.
 G = Mean time per level.
                   A        B        C        D        E       F      G
               +--------+--------+--------+--------+--------+-----+--------+
         Total |  13781 |  13693 |     88 |   2058 |   9039 |  12 | 1148.4 |
       Dungeon |  13280 |  13192 |     88 |   2058 |   8593 |  11 | 1207.3 |
        Temple |    500 |    500 |      0 |      0 |    446 |   1 |  500.0 |
               +--------+--------+--------+--------+--------+-----+--------+

Top non-repeatable levels by time:
     D:7: 1951 daAuts
     D:6: 1732 daAuts
     D:5: 1476 daAuts
     D:8: 1424 daAuts
     D:1: 1228 daAuts
     D:9: 1094 daAuts
     D:2: 1083 daAuts
    D:11: 1048 daAuts
     D:3: 793 daAuts
    D:10: 786 daAuts
     D:4: 659 daAuts
  Temple: 500 daAuts
